 Dungeon Crawl Stone Soup version 0.32-a0-43-g058985b245 (webtiles) character file.

Game seed: 1811370553883275762

2366 cforsyth the Ducker (level 9, 0/65 HPs)
             Began as a Djinni Warper on Feb 3, 2024.
             Slain by a vampire mosquito (7 damage)
             ... on level 6 of the Dungeon.
             The game lasted 00:09:11 (5848 turns).

cforsyth the Ducker (Djinni Warper)                 Turns: 5848, Time: 00:09:12

Health: 0/65       AC:  6    Str: 19    XL:     9   Next: 72%
Gold:   227        EV: 14    Int: 19    God:
                   SH:  0    Dex: 13

rFire   + + +        b - +9 sling of Ignis's Outrage {speed, rF+ Str+3}
rCold   x . .        (no shield)
rNeg    . . .        u - +0 leather armour
rPois   ∞            (no helmet)
rElec   .            g - +0 cloak
rCorr   +            o - +0 pair of gloves
SInv    .            (boots unavailable)
Will    +....        (no amulet)
Stlth   +            n - ring of resist corrosion
HPRegen 0.30/turn    z - +6 ring of strength
MPRegen 0.00/turn

%: infuse magic (-1 HP)
@: enlightened, flying
A: sickness immunity, fire resistance 2, cold vulnerability 1, float, innate
caster, HP casting, extra vitality 1
a: no special abilities


You were on level 6 of the Dungeon.
You visited 1 branch of the dungeon, and saw 6 of its levels.

You collected 227 gold pieces.

Inventory:

Hand Weapons
 a - the +7 whip of Eniudeys {spect, rElec rF++}
   (You found it on level 2 of the Dungeon)

   rF++:      It greatly protects you from fire.
   rElec:     It insulates you from electricity.
 b - the +9 sling of Ignis's Outrage (weapon) {speed, rF+ Str+3}
   (You found it on level 3 of the Dungeon)

   Str+3:     It affects your strength (+3).
   rF+:       It protects you from fire.
 w - the +7 whip of Embarrassment {drain, rElec Str-2 Dex+2 SInv}
   (You found it on level 4 of the Dungeon)

   Str-2:     It affects your strength (-2).
   Dex+2:     It affects your dexterity (+2).
   rElec:     It insulates you from electricity.
   SInv:      It lets you see invisible.
Missiles
 d - 7 darts of dispersal
 v - 11 poisoned darts
Armour
 g - a +0 cloak (worn)
 o - a +0 pair of gloves (worn)
 u - a +0 leather armour (worn)
Jewellery
 n - a ring of resist corrosion (left hand)
 z - a +6 ring of strength (right hand)
 F - a ring of fire
Wands
 B - a wand of roots (3)
Scrolls
 c - a scroll of teleportation {unknown}
 e - 2 scrolls of identify {unknown}
 h - 2 scrolls of fear {unknown}
 j - a scroll of poison {unknown}
 m - a scroll of torment {unknown}
 q - 2 scrolls of revelation {unknown}
 t - a scroll of fog {unknown}
 x - a scroll of immolation {unknown}
 y - a scroll of vulnerability {unknown}
 C - a scroll of silence {unknown}
 D - a scroll of blinking
Potions
 f - a potion of brilliance {unknown}
 i - a potion of heal wounds {unknown}
 k - a potion of enlightenment
 l - a potion of resistance {unknown}
 p - a potion of might {unknown}
 r - 2 potions of curing
 s - a potion of attraction {unknown}
 A - a potion of mutation {unknown}
 E - a potion of cancellation {unknown}


   Skills:
 + Level 5.5 Fighting
 + Level 5.0 Long Blades
 + Level 4.2 Throwing
 + Level 5.1 Armour
 + Level 6.0 Dodging
 + Level 4.4 Spellcasting
 + Level 4.4 Conjurations
 + Level 4.4 Hexes
 + Level 4.4 Summonings
 + Level 4.4 Necromancy
 + Level 4.4 Translocations
 + Level 4.4 Fire Magic
 + Level 4.4 Ice Magic
 + Level 4.4 Air Magic
 + Level 4.4 Earth Magic
 + Level 4.4 Alchemy


You knew the following spells:

 Your Spells              Type           Power      Damage    Failure   Level
a - Blink                 Tloc           42%        N/A       3%          2
b - Lesser Beckoning      Tloc           42%        N/A       3%          2
c - Teleport Other        Tloc           21%        N/A       8%          3
d - Manifold Assault      Tloc           21%        N/A       24%         4
e - Vhi's Electric Charg  Tloc/Air       42%        N/A       24%         4
f - Shock                 Conj/Air       84%        1d8       2%          1
g - Call Imp              Summ           42%        N/A       3%          2
h - Momentum Strike       Conj/Tloc      42%        3d9       3%          2
i - Dimensional Bullseye  Hex/Tloc       10%        N/A       24%         4
Your spell library was empty.

Dungeon Overview and Level Annotations

Branches:
Dungeon (6/15)
 Temple: D:4-7

Altars:
Hepliaklqana
Nemelex Xobeh
Uskayaw
Yredelemnul
The Shining One

Annotations:
D:3 3 runed translucent doors, hgbash's ghost, amateur GrEE


Innate Abilities, Weirdness & Mutations

You are immune to sickness and miasma.
You are immune to poison.
Your flesh is very heat resistant. (rF++)
You are vulnerable to cold. (rC-)
You float through the air rather than walking.
You learn spells naturally, not from books.
Your magical power is your life essence.
You have superior vitality. (+4 MHP)


Message History

It was a potion of enlightenment.
You feel more buoyant. The vampire mosquito bites you.
* * * LOW HITPOINT WARNING * * *
You feel better.
The vampire mosquito closely misses you.
The vampire mosquito bites you.
* * * LOW HITPOINT WARNING * * *
The vampire mosquito closely misses you.
The vampire mosquito closely misses you.
Aiming: Fastroot
Press: ? - help, Shift-Dir - straight line, p - vampire mosquito The roots erupt in riotous growth!
Roots grab the vampire mosquito.
The grasping roots constrict the vampire mosquito.
You hear an angry buzzing noise.
The vampire mosquito barely misses you. x2
The grasping roots constrict the vampire mosquito.
You destroy the vampire mosquito!
Your Long Blades skill increases to level 5!
Your Dodging skill increases to level 6!
There is a stone staircase leading down here.
Aiming: Fastroot
Press: ? - help, Shift-Dir - straight line The roots erupt in riotous growth!
Roots grab the orc.
The grasping roots constrict the orc.
The orc struggles to escape constriction.
Fire: b) +9 sling of Ignis's Outrage {speed, rF+ Str+3}
Press: ? - help, Q - select action, (/) - cycle Shift-Dir - straight line, f - orc
Aim: an orc, wielding a +2 hand axe of freezing (almost dead, constricted by roots, 91% to hit)
You shoot a sling bullet.
The sling bullet completely misses the orc.
The grasping roots constrict the orc.
You kill the orc!
You start resting.
A vampire mosquito comes into view.
A vampire mosquito is nearby!
The vampire mosquito bites you!
You die...

#####..####.#
#..#...... #...#
#.###### ##...###..
...... #......# ##.##
#.. ###...# ######.###
#.# ### ##.## #.#.. #.#
#. #.#.# #.# #. #.#.#
#.###.####
#.#.###........#
#@y..##..##.##.#
####).##..##.##.#
##.##..##..##.##.##
####...#......##.#...##
+.............[........
####...##.###.##.#...##
##.###.# ##.##.##
##....# . ...# #5#### #
.####


You could see a vampire mosquito.

Vanquished Creatures
  Jeremiah (D:6)
  Sigmund (D:6)
  3 vampire mosquitoes (D:6)
  A black bear (D:6)
  2 phantoms
  2 bullfrogs
  A scorpion (D:5)
  3 wights (D:6)
  6 killer bees
  2 bombardier beetles
  5 hounds
  4 orc priests
  2 iguanas (D:4)
  6 orc wizards
  A scorpion zombie (D:3)
  3 adders
  A ribbon worm (D:2)
  2 dart slugs
  19 orcs
  5 bats
  10 endoplasms
  5 giant cockroaches
  8 goblins
  4 hobgoblins
  9 jackals
  7 quokkas
  7 ball pythons
  5 frilled lizards
  9 kobolds
  A quokka zombie (D:3)
  5 rats
140 creatures vanquished.

Notes
Turn   | Place    | Note
-------+----------+-------------------------------------------
     0 | D:1      | cforsyth the Djinni Warper began the quest for the Orb.
     0 | D:1      | cforsyth set off with the following spells memorised:
                  | Blink, Lesser Beckoning, Teleport Other, Manifold Assault,
                  | Vhi's Electric Charge.
     0 | D:1      | Reached XP level 1. HP: 18/18 MP: 0/0
   207 | D:1      | Reached XP level 2. HP: 21/23 MP: 0/0
   316 | D:1      | Reached skill level 1 in Throwing
   373 | D:1      | Reached XP level 3. HP: 27/28 MP: 0/0
   373 | D:1      | Learned a level 1 spell: Shock
  1152 | D:2      | Reached XP level 4. HP: 27/33 MP: 0/0
  1442 | D:2      | Found a sparkling altar of Nemelex Xobeh.
  1643 | D:2      | Reached XP level 5. HP: 33/39 MP: 0/0
  1643 | D:2      | Learned a level 2 spell: Call Imp
  1841 | D:2      | Identified the +7 whip of Eniudeys {spect, rElec rF++}
  2276 | D:3      | Reached skill level 3 in Dodging
  2374 | D:3      | Reached XP level 6. HP: 43/45 MP: 0/0
  2379 | D:3      | Identified the +9 sling of Ignis's Outrage {speed, rF+
                  | Str+3}
  2758 | D:3      | Found a runed translucent gate.
  2758 | D:3      | Found a runed translucent gate.
  2758 | D:3      | Found a runed translucent gate.
  2758 | D:3      | Noticed hgbash's ghost (amateur GrEE)
  2800 | D:3      | Found a basalt altar of Yredelemnul.
  2966 | D:4      | Identified the +7 whip of Embarrassment {drain, rElec Str-2
                  | Dex+2 SInv}
  3251 | D:4      | Reached XP level 7. HP: 50/50 MP: 0/0
  3251 | D:4      | Learned a level 2 spell: Momentum Strike
  3276 | D:5      | Entered Level 5 of the Dungeon
  3447 | D:5      | Reached skill level 4 in Dodging
  4221 | D:5      | Reached XP level 8. HP: 58/58 MP: 0/0
  4291 | D:5      | Found a hazy altar of Hepliaklqana.
  4885 | D:6      | Noticed Sigmund
  5031 | D:6      | Killed Sigmund
  5032 | D:6      | Reached skill level 5 in Dodging
  5082 | D:6      | Reached XP level 9. HP: 63/63 MP: 0/0
  5082 | D:6      | Learned a level 4 spell: Dimensional Bullseye
  5105 | D:6      | Found a hide-covered altar of Uskayaw.
  5281 | D:6      | Found a glowing golden altar of the Shining One.
  5377 | D:6      | Noticed Jeremiah
  5394 | D:6      | Killed Jeremiah
  5395 | D:6      | Reached skill level 5 in Fighting
  5821 | D:6      | Reached skill level 5 in Armour
  5826 | D:6      | HP: 2/65 [vampire mosquito (5)]
  5839 | D:6      | HP: 3/65 [vampire mosquito (1)]
  5845 | D:6      | Reached skill level 5 in Long Blades
  5845 | D:6      | Reached skill level 6 in Dodging
  5848 | D:6      | Slain by a vampire mosquito

Illustrated notes

Levels and vault maps discovered:
D:1:      nzn_arrival_depleted_hourglass, layout_basic
D:2:      wad_woods_stonehenge, layout_basic
D:3:      layout_basic, nicolae_yredelemnul_ghost_church
D:4:      layout_basic
D:5:      layout_loops_ring, nzn_hepliaklqana_mist_gate
D:6:      layout_loops_corners, nicolae_tso_carved_into_rock,
          mainiacjoe_overflow_chevrons, uniq_jeremiah, uniq_sigmund

Skill      XL: |  1  2  3  4  5  6  7  8  9 |
---------------+----------------------------+-----
Spellcasting   | 3 4 |  4.4
Conjurations   | 3 4 |  4.4
Hexes          | 3 4 |  4.4
Summonings     | 3 4 |  4.4
Necromancy     | 3 4 |  4.4
Translocations | 3 4 |  4.4
Fire Magic     | 3 4 |  4.4
Ice Magic      | 3 4 |  4.4
Air Magic      | 3 4 |  4.4
Earth Magic    | 3 4 |  4.4
Alchemy        | 3 4 |  4.4
Long Blades    | 2 3 4 5 |  5.0
Throwing       | 1 2 3 4 |  4.2
Armour         | 2 3 4 5 |  5.1
Dodging        | 3 4 5 6 |  6.0
Fighting       | 3 4 5 |  5.5

Action                     |  1- 3 |  4- 6 |  7- 9 || total
---------------------------+-------+-------+-------++-------
  Melee: Falchion          |    59 |       |       ||    59
         Whip              |       |    26 |       ||    26
   Fire: Sling             |       |    66 |   169 ||   235
   Cast: Shock             |    35 |    59 |    18 ||   112
         Call Imp          |       |       |     4 ||     4
         Dimensional Bulls |       |       |     1 ||     1
  Evoke: Wand              |       |       |     2 ||     2
    Use: Scroll            |       |       |     1 ||     1
         Potion            |       |       |     3 ||     3
 Armour: Leather armour    |    44 |    31 |    80 ||   155
  Dodge: Dodged            |    54 |    39 |    93 ||   186

Table legend: (Time is in decaauts)
 A = Elapsed time spent in this place.
 B = Non-inter-level travel time spent in this place.
 C = Inter-level travel time spent in this place.
 D = Time resting spent in this place.
 E = Time spent auto-exploring this place.
 F = Levels seen in this place.
 G = Mean time per level.
                   A        B        C        D        E       F      G
               +--------+--------+--------+--------+--------+-----+--------+
         Total |   5853 |   5690 |    163 |    421 |   4443 |   6 |  975.5 |
       Dungeon |   5853 |   5690 |    163 |    421 |   4443 |   6 |  975.5 |
               +--------+--------+--------+--------+--------+-----+--------+

Top non-repeatable levels by time:
     D:1: 1158 daAuts
     D:2: 1124 daAuts
     D:4: 1065 daAuts
     D:5: 988 daAuts
     D:6: 880 daAuts
     D:3: 635 daAuts
